 Dungeon Crawl Stone Soup version 0.30-a0-1066-g63dfefce0d (webtiles) character file.

Game seed: 778491442607544920

329670 jasper the Slayer (level 22, -4/194 HPs)
             Began as a Djinni Venom Mage on Apr 12, 2023.
             Was the Champion of Ashenzari.
             Killed from afar by an ironbound thunderhulk (63 damage)
             ... with a bolt of lightning
             ... on level 2 of the Vaults.
             The game lasted 01:33:48 (36477 turns).

jasper the Slayer (Djinni Venom Mage)              Turns: 36477, Time: 01:33:49

Health: -4/194     AC: 15    Str:  7    XL:     22   Next: 70%
Gold:   2610       EV: 25    Int: 32    God:    Ashenzari [******] SH: 18 Dex: 19

rFire   + + +      SeeInvis +    s - +8 hand axe "At What Cost Knowledge?" {speed, Stlth+, Fort, Range} (curse)
rCold   + + .      Faith    .    H - +2 kite shield of Supernal Knowledge {rC+ rF+, Fort, Cun} (curse)
rNeg    + . .      Spirit   .    K - +4 troll leather armour of Toth-Mos's Legacy {Regen+, Self, Evo} (curse)
rPois   ∞          Reflect  .    m - +0 helmet "Unveiling Bad Feelings" {Cun, Self} (curse)
rElec   .          Rampage  .    p - +2 cloak of Toth-Mos's Legacy {Fort, Range} (curse)
rCorr   .          Clarity  +    f - +2 pair of gloves of Ashenzari's Lethargy {Dex+3, Fort, Cun} (curse)
Will    ++...                    (boots unavailable)
Stlth   ++++                     Q - amulet of Ashenzari's Fetters {Regen+, Self, Fort} (curse)
HPRegen 2.12/turn                J - ring "All-seeing Sorrow" {rC++ rN+, Fort, Cun} (curse)
MPRegen 0.00/turn                q - ring of Ashenzari's Altruism {Int+6, Self, Evo} (curse)

@: marked, flying, studying Fighting
A: sickness immunity, fire resistance 2, cold vulnerability 1, float, innate
caster, HP casting, extra vitality 1, deformed body
}: 2/15 runes: decaying, gossamer
a: Renounce Religion, Shatter the Chains


You were on level 2 of the Vaults.
You worshipped Ashenzari.
Ashenzari was exalted by your worship.
You visited 8 branches of the dungeon, and saw 36 of its levels.
You also visited: Ice Cave.

You collected 5679 gold pieces.
You spent 3069 gold pieces at shops.

Inventory:

Hand Weapons
 s - the cursed +8 hand axe "At What Cost Knowledge?" (weapon) {speed, Stlth+, Fort, Range}
   (You found it on level 6 of the Dungeon)

   Stlth:     It makes you more stealthy.
   It has a curse which improves the following skills: Fortitude: Armour and
   Shields.
   Ranged Combat: Ranged Weapons and Throwing.
Missiles
 C - 15 curare-tipped darts
Armour
 f - the cursed +2 pair of gloves of Ashenzari's Lethargy (worn) {Dex+3, Fort, Cun}
   (You found it in an ice cave)

   It has a curse which improves the following skills: Fortitude: Armour and
   Shields.
   Cunning:   Dodging and Stealth.
 m - the cursed +0 helmet "Unveiling Bad Feelings" (worn) {Cun, Self}
   (You found it on level 3 of the Dungeon)

   It has a curse which improves the following skills: Cunning: Dodging and
   Stealth.
   Introspection: Fighting and Spellcasting.
 p - the cursed +2 cloak of Toth-Mos's Legacy (worn) {Fort, Range}
   (You found it on level 5 of the Dungeon)

   It has a curse which improves the following skills: Fortitude: Armour and
   Shields.
   Ranged Combat: Ranged Weapons and Throwing.
 H - the cursed +2 kite shield of Supernal Knowledge (worn) {rC+ rF+, Fort, Cun}
   (You found it on level 2 of the Swamp)

   It has a curse which improves the following skills: Fortitude: Armour and
   Shields.
   Cunning:   Dodging and Stealth.
 K - the cursed +4 troll leather armour of Toth-Mos's Legacy (worn) {Regen+, Self, Evo}
   (You found it on level 11 of the Dungeon)

   Regen:     It increases your rate of health regeneration.
   It has a curse which improves the following skills: Introspection: Fighting
   and Spellcasting.
   Evocations: Evocations.
Magical Staves
 A - a staff of death
 Y - a staff of conjuration
Jewellery
 b - a ring of resist corrosion
 q - the cursed ring of Ashenzari's Altruism (right hand) {Int+6, Self, Evo}
   (You found it on level 5 of the Dungeon)

   [ring of intelligence]

   Int:       It affects your intelligence (+6).
   It has a curse which improves the following skills: Introspection: Fighting
   and Spellcasting.
   Evocations: Evocations.
 J - the cursed ring "All-seeing Sorrow" (left hand) {rC++ rN+, Fort, Cun}
   (You found it on level 2 of the Swamp)

   [ring of positive energy]

   rC:        It greatly protects you from cold.
   rN:        It protects you from negative energy.
   It has a curse which improves the following skills: Fortitude: Armour and
   Shields.
   Cunning:   Dodging and Stealth.
 Q - the cursed amulet of Ashenzari's Fetters (around neck) {Regen+, Self, Fort}
   (You found it on level 2 of the Swamp)

   [amulet of regeneration]

   Regen:     It increases your rate of health regeneration.
   It has a curse which improves the following skills: Introspection: Fighting
   and Spellcasting.
   Fortitude: Armour and Shields.
 S - a +6 ring of strength
 T - a ring of protection from cold
 U - a ring of willpower
Wands
 c - a wand of acid (22)
 u - a wand of digging (18)
 x - a wand of roots (17)
 F - a wand of flame (69)
 L - a wand of paralysis (46)
 R - a wand of polymorph (20)
 X - a wand of mindburst (12)
Scrolls
 d - 8 scrolls of noise
 e - 5 scrolls of enchant weapon
 k - 13 scrolls of teleportation
 n - 7 scrolls of fog
 v - 5 scrolls of magic mapping
 w - 6 scrolls of poison
 y - 3 scrolls of summoning
 E - 4 scrolls of brand weapon
 G - 8 scrolls of fear
 N - 6 scrolls of immolation
 P - 4 scrolls of blinking
 V - 2 scrolls of vulnerability
 Z - a scroll of enchant armour
Potions
 h - 20 potions of curing
 i - 2 potions of invisibility
 j - a potion of resistance
 l - 10 potions of mutation
 o - 11 potions of haste
 r - 5 potions of lignification
 t - 11 potions of heal wounds
 z - 2 potions of cancellation
 B - 7 potions of might
 I - 2 potions of brilliance
 M - 2 potions of berserk rage
 O - 13 potions of ambrosia
Miscellaneous
 a - a condenser vane
 g - a tin of tremorstones (2/2)
 D - a lightning rod (4/4)
 W - a phial of floods


   Skills:
 - Level 21.7(27) Fighting
 - Level 2.6(8.1) Armour
 - Level 16.8(22.3) Dodging
 - Level 1.5(5.0) Stealth
 - Level 10.9(18.4) Shields
 - Level 10.0 Unarmed Combat
 + Level 19.5(24.8) Spellcasting
 - Level 8.3(11.9) Evocations


You knew the following spells:

 Your Spells              Type           Power      Damage    Failure   Level
a - Sting                 Tmut/Pois      100%       1d8       0%          1
b - Poisonous Vapours     Pois/Air       100%       N/A       0%          2
c - Mephitic Cloud        Conj/Pois/Air  100%       N/A       0%          3
d - Olgreb's Toxic Radia  Pois           100%       N/A       0%          4
e - Beastly Appendage     Tmut           100%       N/A       0%          1
f - Passwall              Tmut/Erth      95%        N/A       0%          2
g - Gell's Gravitas       Tloc           100%       N/A       0%          3
h - Stone Arrow           Conj/Erth      100%       3d13      0%          3
i - Leda's Liquefaction   Hex/Erth       57%        N/A       0%          4
j - Fireball              Conj/Fire      57%        3d22      0%          5
k - Eringya's Noxious Bo  Tmut/Pois      57%        N/A       0%          6
l - Simulacrum            Ice/Necr       57%        N/A       0%          6
m - Dragon Form           Tmut           57%        N/A       1%          7
n - Summon Horrible Thin  Summ           57%        N/A       1%          8
Your spell library was empty.

Dungeon Overview and Level Annotations

Branches:
Dungeon (15/15)            Temple (1/1) D:4            Lair (5/5) D:11
  Swamp (4/4) Lair:3       Spider (4/4) Lair:3        Slime (0/5) Lair:4
    Orc (2/2) D:10            Elf (3/3) Orc:2        Vaults (2/5) D:14
 Depths (0/4) D:15          IceCv (visited)
  Crypt: Vaults:2-3

Altars:
Ashenzari
Cheibriados
Dithmenos
Elyvilon
Fedhas
Gozag
Hepliaklqana
Makhleb
Nemelex Xobeh
Okawaru
Qazlal
Ru
Trog
Uskayaw
Wu Jian
Xom
Yredelemnul
Zin
The Shining One
Jiyva

Shops:
D:1 (   D:7 *   D:11 (   Orc:2 !=*(*   Elf:1 !*(   Elf:3 :=:   Vaults:1 *

Portals:
Pandemonium: Orc:2

Annotations:
D:13 exclusion: statue
Lair:2 exclusion: 4 oklob plants
Lair:3 3 runed translucent doors, Likado's ghost, journeyman AtBe
Lair:4 4 runed translucent doors, Avaziugi's ghost, journeyman OpTm; Cisawen's ghost, journeyman FoCA
Spider:1 1 runed translucent door, FexLirch's ghost, adept HuWn
Elf:2 3 runed translucent doors
Elf:3 1 exclusion
Vaults:2 Margery


Innate Abilities, Weirdness & Mutations

You are immune to sickness and miasma.
You are immune to poison.
Your flesh is very heat resistant. (rF++)
You are vulnerable to cold. (rC-)
You float through the air rather than walking.
You learn spells naturally, not from books.
Your magical power is your life essence.
You have superior vitality. (+4 MHP)
Armour fits poorly on your strangely shaped body.


Message History

A vault sentinel comes into view. It is wielding a +0 war axe.
The yaktaur shoots a bolt.
The bolt closely misses your tentacled monstrosity.
The bolt hits your large abomination!!
Your yaktaur simulacrum hits the deep troll.
Your yaktaur simulacrum freezes the deep troll!!
You take 5 damage, and have 84/194 hp.
Casting: Summon Horrible Things (mildly dangerous; 1% risk of failure)
Confirm with . or Enter, or press ? or * to list all spells.
Aiming: Simulacrum (safe; 0% risk of failure)
Press: ? - help, Shift-Dir - straight line, f - deep troll, p - ironbound preserver
Aim: a deep troll (moderately wounded, very poisoned)
You freeze the deep troll's soul.
The hell knight looks even sicker.
The vault sentinel is poisoned.
The deep troll is poisoned.
The yaktaur looks as sick as possible!
Your resistance to elements expires.
Your toxic aura wanes.
Margery casts a spell at you.
The fireball explodes!
The fireball engulfs your large abomination!!!
Your large abomination is destroyed!
Your large abomination disappears in a puff of smoke!
The fireball engulfs your tentacled monstrosity!!
Your tentacled monstrosity resists.
The fireball engulfs you! You resist.
The necromancer hits your yaktaur simulacrum with a +0 dagger.
Your yaktaur simulacrum closely misses the deep troll.
You take 21 damage, and have 63/194 hp.
Casting: Simulacrum (safe; 0% risk of failure)
Confirm with . or Enter, or press ? or * to list all spells.
Aiming: Simulacrum (safe; 0% risk of failure)
Press: ? - help, Shift-Dir - straight line, f - hell knight, p - deep troll
Aim: a hell knight, wielding a +3 heavy halberd and wearing a +1 chain mail of cold resistance (moderately wounded, fast, very poisoned)
You freeze the hell knight's soul.
* * * LOW HITPOINT WARNING * * *
Margery hits your tentacled monstrosity with a +5 demon trident!
The necromancer hits your yaktaur simulacrum with a +0 dagger.
Something completely misses your yaktaur simulacrum.
Electricity crackles from the ironbound thunderhulk's apparatus.
The bolt of lightning hits you!!!
You die...

..#'#.....# #.{....# ##...##.##..
..##......# #ZZp...# ##.###.#...
####.Z○...# #p)T{{.# ### #....#
#####'#########p############...##
..............Tc@........##...##
..........[...°.X.Z......###.##
................p........# #'####
................§...O....# #.....
................@.X......# #.....
..............[...)......# #.....
.........^........X......# #.....
.........................# #.....
##########...............# #.....
#####....#.......#'####..# #####'
##..#.##.'.......#.##.'..# #..
##..#.##.#.......##..##..# #..
###'#....#.......##..##..# #..


You could see Margery (extremely poisoned, ally target, simulacrum), an
ironbound preserver (very poisoned, simulacrum), an ironbound thunderhulk
(extremely poisoned, ally target, simulacrum), a hell knight (fast, very
poisoned, simulacrum), 2 deep trolls, a vault sentinel (poisoned), a yaktaur
(extremely poisoned, simulacrum), a necromancer, a friendly tentacled
monstrosity (summoned), 2 friendly large abominations, 2 friendly yaktaur
simulacra and the friendly Nikola the human simulacrum.

Vanquished Creatures
  Bai Suzhen (Spider:3)
  Nikola (Vaults:2)
  Arachne (Spider:3)
  Mlioglotl (Spider:2)
  A deep elf master archer (Elf:3)
  Kirke (Swamp:2)
  A tengu reaver (Vaults:1)
  3 deep elf sorcerers
  A ghost moth (Spider:4)
  2 deep elf elementalists
  Louise (Elf:1)
  An orc warlord (Orc:2)
  A stone giant (D:15)
  2 deep elf demonologists (Elf:3)
  3 very ugly things (Vaults:1)
  Azrael (Orc:2)
  Nessos (Lair:3)
  5 eleionomae
  7 deep elf annihilators
  2 bunyips
  A spark wasp (Spider:3)
  2 dire elephants
  2 blizzard demons (IceCv)
  2 deep elf death magi (Elf:3)
  A yaktaur captain (Vaults:1)
  Josephine (D:10)
  3 entropy weavers
  5 deep elf high priests (Elf:3)
  Fannar (D:10)
  A shambling mangrove (Swamp:4)
  2 ironbound frosthearts
  A caustic shrike simulacrum (IceCv)
  19 hydras
  Erolcha (D:10)
  8 vault guards
  A merfolk avatar (Lair:5)
  2 radroaches (Spider:3)
  3 centaur warriors
  A demonspawn (Orc:2)
  A spriggan air mage (Swamp:1)
  A death knight (D:14)
  10 alligators
  3 ghost crabs
  15 dancing weapons
  2 tengu warriors (D:15)
  The ghost of ShinQuickMan the Tainted, a journeyman HuCj of Yredelemnul (D:8)
  4 boulder beetles
  3 two-headed ogres
  3 spriggan berserkers
  2 death yaks (Lair:5)
  4 orc high priests (Orc:2)
  Urug (Orc:2)
  19 spriggans
  3 sun demons
  Nergalle (Lair:3)
  3 skysharks (Lair:5)
  10 deep elf knights
  2 pharaoh ants (Spider:2)
  4 deep trolls
  3 goliath frogs
  A sea snake (Lair:5)
  5 orb spiders
  5 spriggan druids
  7 spriggan simulacra (IceCv)
  An obsidian statue (IceCv)
  4 bog bodies
  9 deep elf archers
  18 deep elf zephyrmancers
  5 swamp dragons
  5 steelbarb worms
  A lindwurm (Vaults:2)
  A phantasmal warrior (D:14)
  3 harpies
  2 ironbound convokers
  7 orc knights
  13 wolf spiders
  22 deep elf pyromancers
  7 will-o-the-wisps
  5 ugly things (D:14)
  12 orc sorcerers
  3 cyclopes
  5 manticores
  3 moths of wrath
  4 black mambas
  28 elephants
  3 vault sentinels (Vaults:1)
  A demonic crawler (Spider:3)
  2 gargoyles (D:14)
  3 torpor snails
  14 cane toads
  4 rime drakes
  3 yaktaurs (Vaults:2)
  An unseen horror (D:11)
  A kobold demonologist (D:10)
  10 komodo dragons
  8 freezing wraiths
  A golden dragon simulacrum (IceCv)
  2 anaconda simulacra (IceCv)
  2 tengu conjurers (D:14)
  7 ice devils
  10 trolls
  A queen bee (Lair:2)
  4 polar bears
  2 meliai (Spider:2)
  A bloated husk (Swamp:3)
  A hellwing (Orc:2)
  11 tarantellas
  10 tyrant leeches
  15 hornets
  A snapping turtle (Lair:5)
  A wind drake (Lair:5)
  A raiju (shapeshifter) (D:14)
  27 blink frogs
  6 slime creatures (D:13)
  2 centaur simulacra
  2 dream sheep (Lair:5)
  16 jumping spiders
  A culicivora (shapeshifter) (D:15)
  Sigmund (D:2)
  4 air elementals (Elf:2)
  2 dire elephant simulacra (IceCv)
  58 yaks
  A ynoxinul (Orc:2)
  6 wyverns
  5 wraiths
  10 culicivoras
  2 vampires
  3 water elementals
  3 hogs (Swamp:2)
  11 basilisks
  8 fire elementals
  A neqoxec (Orc:2)
  21 redbacks
  A redback (shapeshifter) (Vaults:2)
  Menkaure (D:4)
  Grum (D:9)
  7 vampire mosquitoes
  7 minotaur simulacra (IceCv)
  17 swamp worms
  2 steam dragons (Lair:5)
  7 wargs
  A harpy simulacrum (IceCv)
  3 acid dragons
  A hell hound (Orc:2)
  A hydra simulacrum (IceCv)
  21 water moccasins
  2 swamp drakes
  39 orc warriors
  3 black bears
  2 ice beasts
  A sky beast (D:8)
  An alligator simulacrum (IceCv)
  3 ogres
  2 ettin simulacra (IceCv)
  24 wolves
  6 centaurs
  3 kobold brigands
  10 bullfrogs
  An earth elemental (Elf:3)
  A gnoll sergeant (D:9)
  4 scorpions
  11 deep troll simulacra (IceCv)
  4 wights (D:8)
  55 killer bees
  2 howler monkeys
  2 electric eels (Lair:5)
  4 crimson imps (D:15)
  3 jellies
  A gnoll bouda (D:4)
  36 orc priests
  3 sleepcaps
  Jessica (D:3)
  An iguana (D:4)
  27 orc wizards
  7 hell rats
  13 gnolls
  A river rat (Lair:2)
  5 adders
  A shadow imp (D:7)
  6 white imps
  3 dart slugs
  104 orcs
  6 ball pythons
  6 bats
  7 endoplasms
  3 giant cockroaches
  7 goblins
  5 hobgoblins
  11 jackals
  24 kobolds
  6 quokkas
  3 frilled lizards
  7 rats
1222 creatures vanquished.

Vanquished Creatures (collateral kills)
  Jorgrun (Spider:3)
  2 deep elf blademasters (Elf:3)
  Asterion (Spider:3)
  2 deep elf master archers (Elf:3)
  A tengu reaver (Vaults:2)
  A frost giant (Vaults:1)
  6 emperor scorpions (Spider:4)
  4 vault wardens
  5 deep elf sorcerers (Elf:3)
  2 ghost moths (Spider:3)
  3 deep elf elementalists (Elf:3)
  An ironbound thunderhulk (Vaults:1)
  7 ironbound preservers
  4 broodmothers
  5 very ugly things
  A war gargoyle (Vaults:1)
  2 deep elf demonologists
  4 dire elephants (Vaults:1)
  3 deep elf annihilators (Elf:3)
  4 spark wasps
  A crystal guardian (Vaults:1)
  2 deep elf death magi
  A yaktaur captain (Vaults:2)
  An entropy weaver (Spider:1)
  3 vault guards
  7 hydras (Swamp:4)
  A peacekeeper (Vaults:1)
  2 jorogumos
  A radroach (Spider:3)
  2 ironbound frosthearts
  2 boulder beetles
  3 dancing weapons
  A spriggan berserker (Swamp:4)
  2 hell knights (Vaults:2)
  6 deep elf knights
  20 deep trolls
  A pharaoh ant (Spider:2)
  5 orb spiders
  9 lindwurms
  9 swamp dragons (Swamp:4)
  A wizard (Vaults:2)
  2 bog bodies (Swamp:4)
  3 steelbarb worms (Spider:4)
  3 deep elf archers
  A necromancer (Vaults:2)
  2 deep elf pyromancers
  2 ironbound convokers
  18 deep elf zephyrmancers
  A harpy (Vaults:1)
  7 ugly things
  14 wolf spiders
  3 moths of wrath
  5 demonic crawlers
  A torpor snail (Spider:2)
  6 yaktaurs
  A meliai (Spider:2)
  11 tarantellas
  7 jumping spiders
  15 culicivoras
  A slime creature (Vaults:2)
  2 water elementals
  A fire elemental (Elf:1)
  28 redbacks
  7 swamp drakes (Swamp:4)
  An earth elemental (Elf:3)
281 creatures vanquished.

Vanquished Creatures (others)
  A hydra (Swamp:4)
  A deep elf knight (Elf:2)
  A deep elf archer (Elf:3)
  4 deep elf pyromancers
  A moth of wrath (Spider:4)
  A vault sentinel (Vaults:2)
  A bush (Lair:5)
  19 foxfires
  59 fungi
  117 plants
  2 starspawn tentacles (Spider:2)
  4 withered plants (Lair:4)
211 creatures vanquished.

Grand Total: 1714 creatures vanquished

Notes
Turn   | Place    | Note
-------+----------+-------------------------------------------
     0 | D:1      | jasper the Djinni Venom Mage began the quest for the Orb.
     0 | D:1      | jasper set off with the following spells memorised: Sting,
                  | Poisonous Vapours, Mephitic Cloud, Olgreb's Toxic Radiance.
     0 | D:1      | Reached XP level 1. HP: 15/15 MP: 0/0
    90 | D:1      | Reached XP level 2. HP: 20/21 MP: 0/0
   398 | D:1      | Reached XP level 3. HP: 22/25 MP: 0/0
   398 | D:1      | Learned a level 1 spell: Beastly Appendage
   473 | D:1      | Found a faded altar of an unknown god.
   606 | D:1      | Found Ufril's Weapon Shoppe.
  1151 | D:2      | Found a blossoming altar of Fedhas.
  1392 | D:2      | Noticed Sigmund
  1417 | D:2      | Killed Sigmund
  1418 | D:2      | Reached XP level 4. HP: 29/31 MP: 0/0
  1418 | D:2      | Reached XP level 5. HP: 33/35 MP: 0/0
  1418 | D:2      | Learned a level 2 spell: Passwall
  1418 | D:2      | Reached XP level 6. HP: 38/40 MP: 0/0
  1653 | D:2      | Reached skill level 5 in Spellcasting
  2109 | D:3      | Noticed Jessica
  2115 | D:3      | Killed Jessica
  3237 | D:4      | Found a staircase to the Ecumenical Temple.
  3250 | D:4      | Reached XP level 7. HP: 33/45 MP: 0/0
  3250 | D:4      | Learned a level 3 spell: Gell's Gravitas
  3258 | Temple   | Entered the Ecumenical Temple
  3441 | Temple   | Became a worshipper of Ashenzari the Shackled
  3453 | D:4      | Noticed Menkaure
  3462 | D:4      | Killed Menkaure
  3670 | D:4      | Found a blossoming altar of Fedhas.
  3670 | D:4      | Found a hazy altar of Hepliaklqana.
  4101 | D:5      | Entered Level 5 of the Dungeon
  4252 | D:5      | Reached skill level 1 in Fighting
  4252 | D:5      | Reached skill level 1 in Shields
  4252 | D:5      | Reached XP level 8. HP: 45/52 MP: 0/0
  4489 | D:5      | Reached * piety under Ashenzari
  5004 | D:5      | Reached skill level 2 in Fighting
  5007 | D:5      | Found a glowing silver altar of Zin.
  5018 | D:5      | Found a sacrificial altar of Ru.
  5021 | D:5      | Found a bloodstained altar of Trog.
  5243 | D:6      | Identified the +8 hand axe "Cicuist" {speed, Stlth+}
  5300 | D:6      | Reached ** piety under Ashenzari
  5428 | D:6      | Reached skill level 3 in Fighting
  5630 | D:6      | Reached XP level 9. HP: 42/64 MP: 0/0
  5630 | D:6      | Learned a level 3 spell: Stone Arrow
  5729 | D:6      | Reached skill level 5 in Dodging
  5730 | D:6      | Reached *** piety under Ashenzari
  6152 | D:7      | Reached skill level 4 in Fighting
  6416 | D:7      | Reached skill level 5 in Fighting
  6465 | D:7      | Found Pionimnu's Elemental Accessories.
  7551 | D:8      | Reached **** piety under Ashenzari
  7565 | D:8      | Identified the +0 ring mail of the Moon {Stlth+}
  7616 | D:8      | Reached skill level 6 in Fighting
  7900 | D:8      | Identified the +0 buckler of Broken Taboos {Int+3}
  7931 | D:8      | Reached XP level 10. HP: 52/78 MP: 0/0
  8066 | D:8      | Found a runed translucent gate.
  8067 | D:8      | Found a runed translucent gate.
  8068 | D:8      | Found a runed translucent gate.
  8068 | D:8      | Noticed ShinQuickMan's ghost (journeyman HuCj)
  8279 | D:8      | Killed ShinQuickMan's ghost
  8280 | D:8      | Reached skill level 7 in Fighting
  8498 | D:9      | Noticed a two-headed ogre
  8501 | D:9      | Killed a two-headed ogre
  8502 | D:9      | Reached skill level 8 in Fighting
  8705 | D:9      | Reached skill level 10 in Dodging
  8722 | D:9      | Reached skill level 9 in Fighting
  8867 | D:9      | Noticed Grum
  8871 | D:9      | Reached XP level 11. HP: 83/89 MP: 0/0
  8871 | D:9      | Learned a level 4 spell: Leda's Liquefaction
  8874 | D:9      | Killed Grum
  9506 | D:9      | Reached skill level 10 in Fighting
  9615 | D:9      | Noticed a wizard
  9616 | D:9      | Noticed a centaur warrior
  9617 | D:9      | Noticed a deep elf pyromancer
  9618 | D:9      | Identified the +1 hand axe "Deqebb" {flame, *Rage Fly Str+3
                  | Dex+3}
  9619 | D:9      | Noticed a skeletal warrior
  9619 | D:9      | Noticed a manticore
  9629 | D:9      | Noticed a centaur warrior
  9630 | D:9      | Noticed a cyclops
  9654 | D:9      | Reached ***** piety under Ashenzari
  9811 | D:10     | Entered Level 10 of the Dungeon
  9811 | D:10     | Noticed Erolcha
  9817 | D:10     | Killed Erolcha
 10097 | D:10     | Identified a scroll of acquirement
 10107 | D:10     | Acquired a manual of Fighting
 10287 | D:10     | Noticed Josephine
 10297 | D:10     | Killed Josephine
 10298 | D:10     | Reached skill level 11 in Fighting
 10619 | D:10     | Noticed a two-headed ogre
 10625 | D:10     | Killed a two-headed ogre
 10675 | D:10     | Noticed Fannar
 10688 | D:10     | Killed Fannar
 10689 | D:10     | Reached skill level 12 in Fighting
 10692 | D:10     | Reached XP level 12. HP: 34/103 MP: 0/0
 10928 | D:10     | Found a staircase to the Orcish Mines.
 11311 | D:11     | Noticed a two-headed ogre
 11324 | D:11     | Killed a two-headed ogre
 11325 | D:11     | Reached skill level 13 in Fighting
 11544 | D:11     | Found a staircase to the Lair.
 11681 | D:11     | Found Efrosk's Weapon Boutique.
 11928 | D:11     | Reached skill level 14 in Fighting
 12180 | Lair:1   | Entered Level 1 of the Lair of Beasts
 12456 | Lair:1   | Reached skill level 15 in Fighting
 12504 | Lair:1   | Noticed a boulder beetle
 12510 | Lair:1   | Killed a boulder beetle
 12511 | Lair:1   | Reached XP level 13. HP: 105/114 MP: 0/0
 12511 | Lair:1   | Learned a level 5 spell: Fireball
 12787 | Lair:1   | Reached skill level 1 in Armour
 13519 | Lair:2   | Identified the +10 long sword of Eternal Harmony {elec, rC-
                  | Will++ rCorr Int+3}
 13773 | Lair:2   | Noticed a seven-headed hydra
 13778 | Lair:2   | Killed a seven-headed hydra
 14063 | Lair:3   | Identified the +1 war axe of Integrity {drain, Str+3 Int+4
                  | Dex-3 SInv}
 14138 | Lair:3   | Noticed Nessos
 14148 | Lair:3   | Killed Nessos
 14167 | Lair:3   | Reached skill level 10 in Spellcasting
 14362 | Lair:3   | Reached XP level 14. HP: 97/123 MP: 0/0
 14440 | Lair:3   | Found a hole to the Spider Nest.
 14515 | Lair:3   | Noticed Nergalle
 14521 | Lair:3   | Killed Nergalle
 14633 | Lair:3   | Found a staircase to the Swamp.
 14649 | Lair:3   | Found a runed translucent gate.
 14650 | Lair:3   | Found a runed translucent gate.
 14650 | Lair:3   | Noticed Likado's ghost (journeyman AtBe)
 14708 | Lair:3   | Found a runed translucent gate.
 15214 | Lair:4   | Found a runed translucent gate.
 15215 | Lair:4   | Found a runed translucent gate.
 15216 | Lair:4   | Found a runed translucent gate.
 15218 | Lair:4   | Noticed Avaziugi's ghost (journeyman OpTm)
 15218 | Lair:4   | Noticed Avaziugi's ghost (journeyman OpTm)
 15219 | Lair:4   | Noticed Cisawen's ghost (journeyman FoCA)
 15397 | Lair:4   | Acquired 718 gold pieces
 15748 | Lair:4   | Found a runed translucent door.
 15751 | Lair:4   | Found a viscous altar of Jiyva.
 15753 | Lair:4   | Found a staircase to the Slime Pits.
 15894 | Lair:5   | Entered Level 5 of the Lair of Beasts
 16407 | Lair:5   | Reached XP level 15. HP: 130/130 MP: 0/0
 16407 | Lair:5   | Learned a level 6 spell: Eringya's Noxious Bog
 17342 | Orc:1    | Entered Level 1 of the Orcish Mines
 17910 | Orc:2    | Entered Level 2 of the Orcish Mines
 17962 | Orc:2    | Noticed Urug
 17967 | Orc:2    | Killed Urug
 18032 | Orc:2    | Noticed Azrael
 18045 | Orc:2    | Killed Azrael
 18139 | Orc:2    | Found Pimeu's CLEARANCE SALE!.
 18163 | Orc:2    | Bought a potion of lignification for 12 gold pieces
 18395 | Orc:2    | Reached skill level 15 in Spellcasting
 18400 | Orc:2    | Found Zidghuv's General Store.
 18403 | Orc:2    | Found Feoxeth's Distillery.
 18455 | Orc:2    | Bought a scroll of vulnerability for 48 gold pieces
 18457 | Orc:2    | Bought a potion of curing for 42 gold pieces
 18457 | Orc:2    | Bought a potion of heal wounds for 70 gold pieces
 18457 | Orc:2    | Bought a potion of curing for 42 gold pieces
 18457 | Orc:2    | Bought a potion of curing for 42 gold pieces
 18493 | Orc:2    | Found a staircase to the Elven Halls.
 18501 | Orc:2    | Reached skill level 1 in Evocations
 18518 | Orc:2    | Noticed an orc warlord
 18531 | Orc:2    | Killed an orc warlord
 18717 | Orc:2    | Reached XP level 16. HP: 119/139 MP: 0/0
 18730 | Orc:2    | Gained mutation: Armour fits poorly on your strangely
                  | shaped body. [a neqoxec]
 18931 | Orc:2    | Reached skill level 16 in Fighting
 18954 | Orc:2    | Found Empatorph's Antique Weapon Shop.
 18954 | Orc:2    | Found Cyunu's Jewellery Boutique.
 18955 | Orc:2    | Found a one-way gate leading to the halls of Pandemonium.
 19190 | D:12     | Reached skill level 15 in Dodging
 19321 | D:12     | Identified the +1 scale mail of Lugonu, Destroying {rN+
                  | Stlth+}
 20765 | D:14     | Found a gate to the Vaults.
 21026 | D:14     | Reached skill level 5 in Evocations
 21349 | D:14     | Reached ****** piety under Ashenzari
 21486 | D:15     | Entered Level 15 of the Dungeon
 21486 | D:15     | Found a frozen archway.
 21499 | IceCv    | Entered an ice cave
 21726 | IceCv    | Reached skill level 17 in Fighting
 21941 | IceCv    | Reached XP level 17. HP: 110/151 MP: 0/0
 21941 | IceCv    | Learned a level 6 spell: Simulacrum
 22199 | IceCv    | Identified the +11 great sword of Resumed Hostilities
                  | {freeze, Fly rC++ Str+2 Dex-2 Stlth-}
 23004 | D:15     | Found a staircase to the Depths.
 23583 | Swamp:1  | Entered Level 1 of the Swamp
 24659 | Swamp:2  | Noticed Kirke
 24664 | Swamp:2  | Killed Kirke
 24681 | Swamp:2  | Identified the ring of Yghan {rC++ rN+}
 25325 | Swamp:1  | Reached XP level 18. HP: 138/157 MP: 0/0
 25737 | Swamp:3  | Identified the +3 war axe "Suset" {antimagic, rElec rC- rN+
                  | Str+7}
 25744 | Swamp:3  | Reached skill level 5 in Shields
 26132 | Swamp:4  | Entered Level 4 of the Swamp
 26206 | Swamp:4  | Acquired 835 gold pieces
 26657 | Swamp:4  | Got a decaying rune of Zot
 26683 | Swamp:4  | Reached skill level 10 in Shields
 27025 | Spider:1 | Entered Level 1 of the Spider Nest
 27131 | Spider:1 | Reached skill level 18 in Fighting
 27136 | Spider:1 | Reached XP level 19. HP: 70/160 MP: 0/0
 27136 | Spider:1 | Learned a level 7 spell: Dragon Form
 27300 | Spider:1 | Found a runed translucent door.
 27302 | Spider:1 | Noticed FexLirch's ghost (adept HuWn)
 27797 | Spider:2 | Reached skill level 19 in Fighting
 28180 | Spider:2 | Identified the cursed +2 cloak of Toth-Mos's Legacy {Fort,
                  | Range} (You found it on level 5 of the Dungeon)
 28180 | Spider:2 | Identified the cursed +0 helmet "Unveiling Bad Feelings"
                  | {Cun, Self} (You found it on level 3 of the Dungeon)
 28180 | Spider:2 | Identified the cursed +2 pair of gloves of Ashenzari's
                  | Lethargy {Dex+3, Fort, Cun} (You found it in an ice cave)
 28180 | Spider:2 | Identified the cursed +4 troll leather armour of Toth-Mos's
                  | Legacy {Regen+, Self, Evo} (You found it on level 11 of the
                  | Dungeon)
 28292 | Spider:2 | Noticed Mlioglotl
 28300 | Spider:2 | Killed Mlioglotl
 28792 | Spider:3 | Noticed Asterion
 28797 | Spider:3 | Killed Asterion
 28815 | Spider:3 | Reached skill level 20 in Fighting
 28895 | Spider:3 | Noticed Jorgrun
 28899 | Spider:3 | Noticed Bai Suzhen
 28915 | Spider:3 | Killed Jorgrun
 28925 | Spider:3 | Killed Bai Suzhen
 29075 | Spider:3 | Noticed Arachne
 29091 | Spider:3 | Killed Arachne
 29504 | Spider:4 | Entered Level 4 of the Spider Nest
 29787 | Spider:4 | Reached XP level 20. HP: 176/176 MP: 0/0
 29812 | Spider:4 | Reached skill level 21 in Fighting
 29947 | Spider:4 | Got a gossamer rune of Zot
 30755 | Elf:1    | Entered Level 1 of the Elven Halls
 30889 | Elf:1    | Reached skill level 1 in Unarmed Combat
 30895 | Elf:1    | Found Mava's Weapon Shoppe.
 30897 | Elf:1    | Found Imnaowk's Assorted Antiques.
 30899 | Elf:1    | Found Jochiav's Distillery.
 30906 | Elf:1    | Bought a scroll of fear for 164 gold pieces
 30906 | Elf:1    | Bought a scroll of fear for 164 gold pieces
 30906 | Elf:1    | Bought a scroll of enchant armour for 307 gold pieces
 30906 | Elf:1    | Bought a potion of curing for 123 gold pieces
 30906 | Elf:1    | Bought 2 potions of ambrosia for 656 gold pieces
 30908 | Elf:1    | Bought a potion of haste for 160 gold pieces
 30908 | Elf:1    | Bought a potion of haste for 160 gold pieces
 30908 | Elf:1    | Bought a potion of heal wounds for 80 gold pieces
 30908 | Elf:1    | Bought a potion of curing for 48 gold pieces
 30908 | Elf:1    | Bought a potion of curing for 48 gold pieces
 31524 | Elf:1    | Noticed Louise
 31533 | Elf:1    | Killed Louise
 31892 | Elf:2    | Paralysed by an air elemental for 1 turns
 31895 | Elf:2    | Paralysed by an air elemental for 1 turns
 31903 | Elf:2    | Reached skill level 5 in Unarmed Combat
 31933 | Elf:2    | Identified the +9 rapier "Dogaiv" {flame, Dex+2}
 31937 | Elf:2    | Identified the ring of Megu {rPois rF++ Int+3}
 32001 | Elf:2    | Identified the cursed +2 kite shield of Supernal Knowledge
                  | {rC+ rF+, Fort, Cun} (You found it on level 2 of the Swamp)
 32116 | Elf:2    | Paralysed by an air elemental for 1 turns
 32213 | Elf:2    | Paralysed by an air elemental for 1 turns
 32472 | Elf:2    | Found a runed translucent gate.
 32473 | Elf:2    | Found a runed translucent gate.
 32473 | Elf:2    | Found a runed translucent gate.
 32747 | Elf:3    | Entered Level 3 of the Elven Halls
 32761 | Elf:3    | Reached XP level 21. HP: 164/187 MP: 0/0
 32761 | Elf:3    | Learned a level 8 spell: Summon Horrible Things
 33001 | Elf:3    | Identified the amulet "Jigukh" {Spirit Will- MP+9 Int+3
                  | Slay+4}
 33415 | Elf:3    | Found Beus's Book Boutique.
 33415 | Elf:3    | Found Soij's Jewellery Emporium.
 33416 | Elf:3    | Found Yrghoage's Book Boutique.
 33479 | Elf:3    | Identified the ring of the First Spirits {rPois rC- Will++
                  | Str+6 Stlth+}
 33494 | Elf:3    | Identified the +0 chain mail "Ikoiref" {Contam Will+ Str+3}
 33740 | Elf:3    | Identified the +6 spear of Tithruopt {freeze, Str+4}
 33808 | Elf:3    | Identified the +5 morningstar of Rientus {speed, rF+}
 33856 | Elf:3    | Identified Maiteyxa's Secrets of Ozone and Terrain
 33886 | Elf:3    | Identified the +1 robe of Rydwiuta {Str+2 Int+3 Archmagi}
 33897 | Elf:3    | Identified the Volume of Soot and Misfortune
 34264 | Vaults:1 | Entered Level 1 of the Vaults
 34331 | Vaults:1 | Reached skill level 10 in Unarmed Combat
 34625 | Vaults:1 | Reached XP level 22. HP: 180/194 MP: 0/0
 35386 | Vaults:1 | Found Panel's Assorted Antiques.
 35401 | Vaults:1 | Bought a potion of curing for 108 gold pieces
 35401 | Vaults:1 | Bought a scroll of summoning for 342 gold pieces
 35401 | Vaults:1 | Bought a wand of acid (3) for 453 gold pieces
 36324 | Vaults:2 | Identified the +3 robe "Kicra" {Rampage rCorr Int+2}
 36441 | Vaults:2 | Noticed Nikola
 36460 | Vaults:2 | Killed Nikola
 36462 | Vaults:2 | Noticed Margery
 36477 | Vaults:2 | Killed from afar by an ironbound thunderhulk

Illustrated notes

Levels and vault maps discovered:
D:1:      dpeg_arrival_shelter, layout_basic, serial_shops,
          nicolae_shop_bloodbath_and_beyond,
          hellmonk_ecumenical_altar_crossroads, due_unseen_surprise
D:2:      layout_basic, basic_altar, grunt_ministairs_10, uniq_sigmund
D:3:      layout_basic, kennysheep_jessica_study
D:4:      layout_basic, chequers_temple_overflow_statue_of_worship,
          temple_statues, grunt_ministairs_6, uniq_menkaure
D:5:      layout_basic, minmay_overflow_temple_star_hex
D:6:      layout_basic
D:7:      layout_layer_cave, nicolae_zen_rock_garden, nicolae_elemental_shop
D:8:      layout_cave_pools, biasface_ghost_orc_armoury
D:9:      layout_stronghold, nicolae_kikubaaqudgha_miasma_corner, minivault_12,
          uniq_grum
D:10:     layout_roguey, minmay_orc_entry_guard_dogs, minmay_misc_feat_plants,
          uniq_erolcha, uniq_fannar, uniq_josephine
D:11:     layout_loops_corners, due_lair_maze_entry_diamond, serial_shops, shop
D:12:     layout_long_grid
D:13:     layout_long_grid, vehumet_statue
D:14:     layout_gridville, grunt_vaults_entry_fortified,
          kennysheep_cluttered_room, kennysheep_dice
D:15:     grunt_enter_depths_snipers, layout_small_grid,
          portal_ice_cave_entry_pillars_1, chequers_serial_rivers_micro_b,
          chequers_jeans, minmay_fire_ice_demons
Temple:   nicolae_temple_superstar
Lair:1:   layout_cave_pods, lemuel_fruit_tree
Lair:2:   hangedman_what_comes_after_a, layout_regular_city, lemuel_old_faithful
Lair:3:   layout_chaotic_city, swamp_mist_pool,
          hellmonk_spider_entry_life_and_decay, ebering_ghost_rock_garden,
          uniq_nessos, uniq_nergalle
Lair:4:   layout_regular_city, slime_entry_2, gammafunk_ghost_cemetery,
          chequers_serial_rivers_small_3
Lair:5:   gammafunk_lair_ancient_temple, layout_long_grid,
          nicolae_lair_grazing_beasts [nicolae_sub_lair_graze_edge,
          nicolae_sub_lair_graze_edge, nicolae_sub_lair_graze_edge,
          nicolae_sub_lair_graze_edge], infiniplex_staircase_pool,
          serial_bayou_shore_a
Swamp:1:  nicolae_swamp_secret_spriggan_hideout, layout_basic_swamp,
          hangedman_swamp_diagram, nicolae_swamp_wisp_ring_woods
Swamp:2:  layout_falls_marsh, nicolae_swamp_orc_logging_accident, uniq_kirke
Swamp:3:  layout_basic_swamp, nicolae_swamp_round_clearing, swamp_pool1
Swamp:4:  swamp_basic_johnstein, layout_basic_swamp
Spider:1: layout_spider_delve, ebering_ghost_inner_flame,
          hellmonk_spider_spawner
Spider:2: layout_spider_delve, nicolae_spider_webs_and_nodes, uniq_mlioglotl
Spider:3: cheibrodos_forgotten_conduit, hellmonk_test_site, uniq_bai_suzhen,
          uniq_jorgrun, uniq_arachne, uniq_asterion
Spider:4: grunt_spider_rune_circles
Orc:1:    layout_caves, serial_shops, rock_pile
Orc:2:    pf_orc_diabolical, layout_caves, nicolae_shop_clearance, uniq_urug,
          uniq_azrael
Elf:1:    nicolae_elf_arrival_fired_up, layout_geoelf_octagon,
          hangedman_elf_represent, minmay_shop_star, uniq_louise
Elf:2:    nicolae_elf_blades_crystal_corner, layout_loops_corners,
          grunt_ministairs_6, nicolae_elf_glassroom_feature
Elf:3:    minmay_elf_hall_quartered_circle, layout_gridlike, basic_altar,
          minmay_shop_grove, grunt_megastairs_4
Vaults:1: v_misc_8, v_misc_25, grunt_vaults_hallway_short,
          nicolae_vaults_what_the_h, vaults_dpeg_emergency_exit,
          hangedman_vaults_hard_town_square, v_alt_pattern_3, v_misc_16,
          vaults_room_grunt_arrival_checkpoint, nicolae_vaults_gold_heap,
          hangedman_vaults_snaps, nicolae_vaults_alarming,
          layout_vaults_chaotic_city, serial_shops, shop
Vaults:2: vaults_dpeg_ring, nicolae_vaults_little_squares_4,
          nicolae_vaults_little_squares_1, nicolae_vaults_three_branches,
          ontoclasm_vaults_pinch, hangedman_vaults_corner,
          ontoclasm_vaults_fault, kb_rosetta, nicolae_vaults_little_squares_5,
          hangedman_vaults_maws, vaults_room_stairs_pillars, v_misc_19,
          ontoclasm_vaults_ring_square, layout_vaults_omnibox, uniq_margery,
          uniq_nikola

Skill      XL: |  1  2  3  4  5  6  7  8  9 10 11 12 13 14 15 16 17 18 19 20 21 22 |
---------------+-------------------------------------------------------------------+-----
Spellcasting   | 3 4 5 6 10 13 15 16 18 19 | 19.5
Fighting       | 1 3 6 9 12 15 17 18 20 21 | 21.7
Shields        | 1 2 10 | 10.9
Dodging        | 4 7 10 12 14 15 16 | 16.8
Armour         | 2 |  2.6
Evocations     | 1 5 8 |  8.3
Unarmed Combat | 6 10 | 10.0
Stealth        | |  1.5

Action                     |  1- 3 |  4- 6 |  7- 9 | 10-12 | 13-15 | 16-18 | 19-21 | 22-24 || total
---------------------------+-------+-------+-------+-------+-------+-------+-------+-------++-------
  Melee: Unarmed           |     1 |       |       |       |       |       |    49 |       ||    50
         Halberd           |       |    28 |    48 |       |       |       |       |       ||    76
         Hand axe          |       |       |    32 |     3 |    31 |     5 |    39 |    11 ||   121
         Tailslap          |       |       |       |       |       |       |    10 |       ||    10
         Bite              |       |       |       |       |       |       |    10 |       ||    10
         Punch             |       |       |       |       |       |       |     3 |       ||     3
   Cast: Sting             |    42 |    27 |     4 |       |       |       |       |       ||    73
         Poisonous Vapours |    24 |    16 |    25 |    27 |    96 |    48 |    44 |    10 ||   290
         Olgreb's Toxic Ra |       |     7 |    19 |    36 |   122 |    40 |   123 |    37 ||   384
         Mephitic Cloud    |       |       |     1 |     3 |     3 |     2 |       |       ||     9
         Stone Arrow       |       |       |    32 |   156 |   270 |   184 |   102 |     3 ||   747
         Leda's Liquefacti |       |       |       |     1 |       |     1 |       |       ||     2
         Fireball          |       |       |       |       |   102 |   318 |   101 |    12 ||   533
         Eringya's Noxious |       |       |       |       |     1 |     1 |       |     1 ||     3
         Simulacrum        |       |       |       |       |       |    34 |   306 |    82 ||   422
         Dragon Form       |       |       |       |       |       |       |     8 |       ||     8
         Summon Horrible T |       |       |       |       |       |       |     4 |     9 ||    13
 Invoke: Curse Item        |       |       |     6 |     3 |     2 |     3 |     2 |       ||    16
         Shatter the Chain |       |       |       |     2 |     1 |     4 |       |       ||     7
  Evoke: Wand              |       |       |       |     1 |       |       |       |       ||     1
         Condenser vane    |       |       |       |       |     1 |     2 |       |       ||     3
         Tin of tremorston |       |       |       |       |       |     2 |       |       ||     2
    Use: Scroll            |     1 |     7 |     3 |     3 |     3 |     2 |     3 |       ||    22
         Potion            |     1 |       |       |       |     1 |     1 |     1 |     1 ||     5
   Stab: Sleeping          |       |     2 |     1 |       |       |       |       |       ||     3
         Distracted        |       |       |       |       |       |       |       |     2 ||     2
 Armour: Robe              |     4 |    10 |    19 |     5 |       |       |       |       ||    38
         Troll leather arm |       |       |       |     4 |    40 |    39 |    37 |     5 ||   125
         Skin              |       |       |       |       |       |       |    49 |       ||    49
  Dodge: Dodged            |    25 |    17 |    67 |    78 |   201 |   222 |   221 |    65 ||   896
  Block: Buckler           |       |       |    10 |    23 |    65 |    71 |       |       ||   169
         Kite shield       |       |       |       |       |       |    15 |   182 |    57 ||   254

Table legend: (Time is in decaauts)
 A = Elapsed time spent in this place.
 B = Non-inter-level travel time spent in this place.
 C = Inter-level travel time spent in this place.
 D = Time resting spent in this place.
 E = Time spent auto-exploring this place.
 F = Levels seen in this place.
 G = Mean time per level.
                   A        B        C        D        E       F      G
               +--------+--------+--------+--------+--------+-----+--------+
         Total |  36544 |  34367 |   2177 |   1050 |  26145 |  37 |  987.7 |
       Dungeon |  15620 |  14682 |    938 |    142 |  12465 |  15 | 1041.3 |
        Temple |    193 |    187 |      6 |      0 |    139 |   1 |  193.0 |
          Lair |   5329 |   5022 |    307 |    284 |   3491 |   5 | 1065.8 |
         Swamp |   3418 |   3087 |    331 |    205 |   2156 |   4 |  854.5 |
   Spider Nest |   3471 |   3210 |    261 |    104 |   2311 |   4 |  867.8 |
  Orcish Mines |   1867 |   1695 |    172 |    149 |   1078 |   2 |  933.5 |
   Elven Halls |   3352 |   3204 |    148 |    106 |   2001 |   3 | 1117.3 |
        Vaults |   2212 |   2200 |     12 |      0 |   1688 |   2 | 1106.0 |
      Ice Cave |   1079 |   1079 |      0 |     60 |    816 |   1 | 1079.0 |
               +--------+--------+--------+--------+--------+-----+--------+

Top non-repeatable levels by time:
    D:10: 1489 daAuts
     D:7: 1451 daAuts
Vaults:1: 1343 daAuts
   Elf:3: 1329 daAuts
     D:9: 1318 daAuts
  Lair:5: 1295 daAuts
   Orc:2: 1167 daAuts
    D:11: 1143 daAuts
     D:3: 1114 daAuts
 Swamp:1: 1112 daAuts
Spider:2: 1091 daAuts
   IceCv: 1079 daAuts
     D:5: 1071 daAuts
  Lair:2: 1066 daAuts
     D:1: 1048 daAuts
